 Dungeon Crawl Stone Soup version 0.31.0-32-g396128a36d (webtiles) character file.

Game seed: 9213911875803440111

20757 gohu the Fighter (level 13, -1/97 HPs)
             Began as a Djinni Fire Elementalist on Mar 31, 2024.
             Was a High Priest of Makhleb.
             Engulfed by a cloud of flame (5 damage)
             ... on level 1 of the Lair of Beasts.
             The game lasted 00:43:12 (16228 turns).

gohu the Fighter (Djinni Fire Elementalist)        Turns: 16228, Time: 00:43:12

Health: -1/97      AC: 10    Str:  7    XL:     13   Next: 14%
Gold:   811        EV: 11    Int: 27    God:    Makhleb [*****.] SH:  5 Dex: 13

rFire   + + .        g - +7 dagger of Duty {elec, rPois rCorr}
rCold   x . .        y - +0 buckler
rNeg    . . .        w - +1 ring mail of Responsibility {Int+4}
rPois   ∞            n - +0 helmet
rElec   .            (no cloak)
rCorr   +            N - +0 pair of gloves
SInv    .            (boots unavailable)
Will    +....        u - amulet of faith
Stlth   +            x - ring of resist corrosion
HPRegen 0.36/turn    (no ring)
MPRegen 0.00/turn

%: faith, infuse magic (-2 HP)
@: flying
A: sickness immunity, fire resistance 2, cold vulnerability 1, float, innate
caster, HP casting, extra vitality 1
a: Renounce Religion, Minor Destruction, Lesser Servant of Makhleb, Major
Destruction, Greater Servant of Makhleb


You were on level 1 of the Lair of Beasts.
You worshipped Makhleb.
Makhleb was extremely pleased with you.
You visited 3 branches of the dungeon, and saw 15 of its levels.

You collected 1123 gold pieces.
You spent 312 gold pieces at shops.

Inventory:

Hand Weapons
 g - the +7 dagger of Duty (weapon) {elec, rPois rCorr}
   (You found it on level 1 of the Dungeon)

   rPois:     It protects you from poison rCorr: It protects you from acid and
   corrosion.
Missiles
 A - 4 throwing nets
Armour
 a - a +0 robe
 n - a +0 helmet (worn)
 w - the +1 ring mail of Responsibility (worn) {Int+4}
   (You found it on level 5 of the Dungeon)

   Int+4:     It affects your intelligence (+4).
 y - a +0 buckler (worn)
 I - a +2 ring mail of cold resistance
 M - a +0 troll leather armour
 N - a +0 pair of gloves (worn)
 O - a +2 ring mail of fire resistance
 Q - +0 steam dragon scales
Magical Staves
 H - a staff of earth
Jewellery
 c - the amulet "Xuhuud" {Regen+ Int+3}
   (You acquired it on level 3 of the Dungeon)

   [amulet of regeneration]

   Int+3:     It affects your intelligence (+3).
   Regen+:    It increases your rate of health regeneration.
 u - an amulet of faith (around neck)
 x - a ring of resist corrosion (left hand)
 T - a ring of ice
Wands
 j - a wand of polymorph (14)
 q - a wand of light (8)
 t - a wand of flame (20)
 v - a wand of iceblast (15)
 F - a wand of digging (5)
 R - a wand of paralysis (4)
Scrolls
 d - 3 scrolls of enchant weapon
 f - 2 scrolls of teleportation
 h - 4 scrolls of enchant armour
 k - 3 scrolls of butterflies
 m - 6 scrolls of fear
 r - 5 scrolls of amnesia
 s - a scroll of noise
 G - a scroll of brand weapon
 L - a scroll of poison
 P - a scroll of revelation
 U - 2 scrolls of fog
 V - a scroll of vulnerability {unknown}
 W - 2 scrolls of blinking {unknown}
 X - a scroll of identify
 Y - a scroll of immolation {unknown}
Potions
 e - 3 potions of enlightenment
 i - a potion of haste {unknown}
 l - 3 potions of berserk rage {unknown}
 o - 4 potions of degeneration
 p - a potion of curing {unknown}
 z - a potion of resistance
 B - 4 potions of mutation
 C - 5 potions of might
 D - 2 potions of invisibility
 E - 2 potions of magic
 J - 3 potions of attraction {unknown}
 K - 2 potions of cancellation
 S - 2 potions of brilliance {unknown}


   Skills:
 * Level 10.7 Fighting
 + Level 6.9 Armour
 + Level 6.4 Dodging
 - Level 1.5 Stealth
 + Level 5.2 Shields
 + Level 10.2 Spellcasting
 + Level 10.2 Conjurations
 + Level 10.2 Hexes
   Level 0.0 Charms
 + Level 10.2 Summonings
 + Level 10.2 Necromancy
 + Level 10.2 Translocations
   Level 0.0 Transmutations
 + Level 10.2 Fire Magic
 + Level 10.2 Ice Magic
 + Level 10.2 Air Magic
 + Level 10.2 Earth Magic
 + Level 10.2 Alchemy
 - Level 8.3 Invocations


You knew the following spells:

 Your Spells              Type           Power      Damage    Failure   Level
a - Freezing Cloud        Conj/Ice/Air   31%        6-21      8%          5
b - Scorch                Fire           100%       2d9       1%          2
c - Flame Wave            Conj/Fire      62%        2d14      2%          4
d - Fulminant Prism       Conj/Alch      31%        3d15      2%          4
e - Volatile Blastmotes   Fire/Tloc      100%       2d18      1%          3
f - Slow                  Hex            100%       N/A       1%          1
g - Blink                 Tloc           100%       N/A       1%          2
h - Passwall              Erth           62%        N/A       1%          3
i - Inner Flame           Hex/Fire       62%        N/A       1%          3
j - Arcjolt               Conj/Air       31%        1d41      8%          5
k - Foxfire               Conj/Fire      100%       2x1d9     1%          1
Your spell library was empty.

Dungeon Overview and Level Annotations

Branches:
Dungeon (13/15)            Temple (1/1) D:5            Lair (1/5) D:11
    Orc (0/2) D:11
 Vaults: D:13-14

Altars:
Ashenzari
Cheibriados
Dithmenos
Elyvilon
Fedhas
Gozag
Hepliaklqana
Makhleb
Nemelex Xobeh
Okawaru
Qazlal
Ru
Trog
Uskayaw
Wu Jian
Xom
Yredelemnul
Zin
The Shining One

Shops:
D:3 *   D:8 :

Annotations:
D:5 2 transporters, Cuillere's ghost, amateur GnWn


Innate Abilities, Weirdness & Mutations

You are immune to sickness and miasma.
You are immune to poison.
Your flesh is very heat resistant. (rF++)
You are vulnerable to cold. (rC-)
You float through the air rather than walking.
You learn spells naturally, not from books.
Your magical power is your life essence.
You have superior vitality. (+4 MHP)


Message History

The wolf is heavily wounded. (Press . to intensify the flame waves.)
The wolf closely misses you. The wolf bites you.
A wave of flame ripples out!
The flame wave engulfs the wolf!!
The wolf is burned terribly!
You kill the wolf!
Makhleb accepts your kill.
You feel better.
The tree burns like a torch!
You hear a shout!
The forest fire spreads! x2
Okay, then.
A wave of flame ripples out!
The tree burns like a torch!
You finish channelling waves of flame.
You are engulfed in blazing flames.
You resist.
The forest fire spreads!
You are engulfed in blazing flames.
You resist.
* * * LOW HITPOINT WARNING * * *
The forest fire spreads! x3
You are engulfed in blazing flames.
You resist.
* * * LOW HITPOINT WARNING * * *
The forest fire spreads! x2
You are engulfed in blazing flames.
You resist.
* * * LOW HITPOINT WARNING * * *
The forest fire spreads! x3
Okay, then.
Okay, then.
You are engulfed in blazing flames.
You resist.
* * * LOW HITPOINT WARNING * * *
The forest fire spreads!
You start removing your armour.
You continue taking off the +1 ring mail of Responsibility {Int+4}.
You are engulfed in blazing flames.
You resist.
* * * LOW HITPOINT WARNING * * *
The forest fire spreads! x5
You continue taking off the +1 ring mail of Responsibility {Int+4}.
You are engulfed in blazing flames.
You resist.
* * * LOW HITPOINT WARNING * * *
The forest fire spreads! x5
You continue taking off the +1 ring mail of Responsibility {Int+4}.
You are engulfed in blazing flames.
You resist.
You die...

#....# #....# ♣♣♣ #....#
♣♣§§♣♣♣♣♣♣#....#
♣§♣§§§§♣§♣#....#
♣§°§§§§§§#....#
♣♣§§§§§§§§.....#
♣§§§§§§§§♣#....# ♣
♣♣♣♣♣§§§§@§§§§#....#
♣...♣♣♣)..♣§§§§§§§§♣#....#
♣......♣♣i§§§§§§§§§#....#
♣♣♣♣♣♣♣♣♣§§§§§§§§§##....#
♣§°§♣..####.....#
♣♣♣#####........#
##############............#
...............###..#.....#
).....####.###..<....#....#


You could see a spriggan.

Vanquished Creatures
  Fannar (D:11)
  A two-headed ogre (D:11)
  An ugly thing (D:8)
  A manticore (D:7)
  A cyclops (D:11)
  A gargoyle (D:12)
  Maggie (D:9)
  2 cane toads (Lair:1)
  A kobold demonologist (D:9)
  3 komodo dragons
  5 trolls
  A blink frog (Lair:1)
  2 spriggans (Lair:1)
  Sigmund (D:4)
  2 shadows
  2 wraiths (D:10)
  24 yaks
  3 steam dragons
  3 wyverns
  Menkaure (D:4)
  An acid dragon (D:11)
  3 ice beasts (D:7)
  5 water moccasins
  3 black bears
  15 orc warriors
  3 centaurs
  2 ogres
  10 wolves (Lair:1)
  2 phantoms (D:6)
  2 kobold brigands
  11 bullfrogs
  2 gnoll sergeants
  A scorpion (D:7)
  13 wights
  7 killer bees
  A vampire bat (D:7)
  4 howler monkeys
  A lava snake (D:10)
  4 hounds
  4 orc priests
  3 bombardier beetles
  2 jellies
  Ijyb (D:4)
  A gnoll bouda (D:4)
  A sleepcap (D:7)
  5 iguanas
  14 orc wizards
  22 gnolls
  11 adders
  2 shadow imps
  2 white imps (D:7)
  7 ufetubi
  A ribbon worm (D:3)
  5 dart slugs
  57 orcs
  9 ball pythons
  11 bats
  7 endoplasms
  7 giant cockroaches
  3 goblins
  5 hobgoblins
  4 jackals (D:4)
  15 kobolds
  8 quokkas
  2 frilled lizards (D:3)
  3 rats
  2 foxfires (D:10)
361 creatures vanquished.

Vanquished Creatures (collateral kills)
  Harold (D:11)
  A boulder beetle (D:11)
  An orc knight (D:12)
  An orc warrior (D:12)
  3 centaurs (D:11)
  2 orcs (D:12)
9 creatures vanquished.

Vanquished Creatures (others)
  596 foxfires
  13 fulminant prisms
609 creatures vanquished.

Grand Total: 979 creatures vanquished

Notes
Turn   | Place    | Note
-------+----------+-------------------------------------------
     0 | D:1      | gohu the Djinni Fire Elementalist began the quest for the
                  | Orb.
     0 | D:1      | gohu set off with the following spells memorised: Foxfire,
                  | Scorch, Volatile Blastmotes, Inner Flame, Flame Wave.
     0 | D:1      | Reached XP level 1. HP: 15/15 MP: 0/0
   137 | D:1      | Reached XP level 2. HP: 19/21 MP: 0/0
   571 | D:1      | Reached XP level 3. HP: 23/25 MP: 0/0
   571 | D:1      | Learned a level 1 spell: Slow
   821 | D:1      | Identified the +7 dagger of Duty {elec, rPois rCorr}
  1246 | D:2      | Reached XP level 4. HP: 22/31 MP: 0/0
  1443 | D:3      | Reached XP level 5. HP: 30/35 MP: 0/0
  1443 | D:3      | Learned a level 2 spell: Blink
  1528 | D:3      | Found Kotautah's General Store.
  1563 | D:3      | Bought a potion of heal wounds for 65 gold pieces
  1563 | D:3      | Bought a potion of degeneration for 13 gold pieces
  1632 | D:3      | Reached skill level 5 in Spellcasting
  1632 | D:3      | Reached skill level 5 in Conjurations
  1632 | D:3      | Reached skill level 5 in Hexes
  1632 | D:3      | Reached skill level 5 in Summonings
  1632 | D:3      | Reached skill level 5 in Necromancy
  1632 | D:3      | Reached skill level 5 in Translocations
  1632 | D:3      | Reached skill level 5 in Fire Magic
  1632 | D:3      | Reached skill level 5 in Ice Magic
  1632 | D:3      | Reached skill level 5 in Air Magic
  1632 | D:3      | Reached skill level 5 in Earth Magic
  1632 | D:3      | Reached skill level 5 in Alchemy
  1778 | D:3      | Noticed a black bear
  1786 | D:3      | Killed a black bear
  1787 | D:3      | Reached XP level 6. HP: 32/40 MP: 0/0
  2235 | D:4      | Noticed Menkaure
  2241 | D:4      | Killed Menkaure
  2242 | D:4      | Reached XP level 7. HP: 43/45 MP: 0/0
  2242 | D:4      | Learned a level 3 spell: Passwall
  2367 | D:4      | Noticed Ijyb
  2391 | D:4      | Killed Ijyb
  2402 | D:4      | Noticed Sigmund
  2422 | D:4      | Killed Sigmund
  2562 | D:4      | Reached XP level 8. HP: 44/50 MP: 0/0
  3457 | D:5      | Entered Level 5 of the Dungeon
  3507 | D:5      | Identified the +1 ring mail of Responsibility {Int+4}
  3729 | D:5      | Found a staircase to the Ecumenical Temple.
  3734 | Temple   | Entered the Ecumenical Temple
  3804 | Temple   | Became a worshipper of Makhleb the Destroyer
  3947 | D:5      | Noticed Cuillere's ghost (amateur GnWn)
  4411 | D:5      | Found a transporter.
  4496 | D:5      | Found a transporter.
  4556 | D:6      | Reached * piety under Makhleb
  4706 | D:6      | Reached XP level 9. HP: 22/55 MP: 0/0
  4706 | D:6      | Learned a level 4 spell: Fulminant Prism
  4890 | D:6      | Found a shadowy altar of Dithmenos.
  5174 | D:6      | Reached skill level 1 in Fighting
  5263 | D:6      | Reached skill level 1 in Armour
  5835 | D:7      | Reached ** piety under Makhleb
  6465 | D:7      | Reached XP level 10. HP: 55/69 MP: 0/0
  6552 | D:7      | Noticed a manticore
  6564 | D:7      | Killed a manticore
  6565 | D:7      | Reached skill level 5 in Fighting
  6819 | D:7      | Reached skill level 10 in Spellcasting
  6819 | D:7      | Reached skill level 10 in Conjurations
  6819 | D:7      | Reached skill level 10 in Hexes
  6819 | D:7      | Reached skill level 10 in Summonings
  6819 | D:7      | Reached skill level 10 in Necromancy
  6819 | D:7      | Reached skill level 10 in Translocations
  6819 | D:7      | Reached skill level 10 in Fire Magic
  6819 | D:7      | Reached skill level 10 in Ice Magic
  6819 | D:7      | Reached skill level 10 in Air Magic
  6819 | D:7      | Reached skill level 10 in Earth Magic
  6819 | D:7      | Reached skill level 10 in Alchemy
  7068 | D:7      | Reached *** piety under Makhleb
  7397 | D:7      | Reached skill level 1 in Invocations
  8106 | D:8      | Noticed a white ugly thing
  8119 | D:8      | Killed a white ugly thing
  8499 | D:8      | Found a snail-covered altar of Cheibriados.
  8501 | D:8      | Found a glowing silver altar of Zin.
  8502 | D:8      | Found a shimmering altar of Xom.
  8688 | D:8      | Found Ecrac's Book Shoppe.
  8705 | D:8      | Reached XP level 11. HP: 57/79 MP: 0/0
  8705 | D:8      | Learned a level 5 spell: Arcjolt
  8856 | D:8      | Reached **** piety under Makhleb
  9493 | D:3      | Bought a potion of mutation for 104 gold pieces
  9493 | D:3      | Bought a scroll of identify for 26 gold pieces
  9493 | D:3      | Bought a potion of cancellation for 104 gold pieces
  9498 | D:3      | Identified a scroll of acquirement
  9499 | D:3      | Acquired the amulet "Xuhuud" {Regen+ Int+3}
  9701 | D:9      | Reached skill level 5 in Armour
 10088 | D:9      | Reached skill level 1 in Shields
 10300 | D:9      | Noticed Maggie
 10320 | D:9      | Killed Maggie
 10884 | D:10     | Entered Level 10 of the Dungeon
 10899 | D:10     | Reached skill level 5 in Invocations
 10997 | D:10     | Reached ***** piety under Makhleb
 11248 | D:10     | Reached skill level 5 in Dodging
 11460 | D:10     | Found Haimog's Self-Published Books.
 12022 | D:11     | Noticed a boulder beetle
 12029 | D:10     | Reached XP level 12. HP: 68/88 MP: 0/0
 12086 | D:11     | Noticed Harold
 12100 | D:11     | Killed Harold
 12104 | D:11     | Killed a boulder beetle
 12325 | D:11     | Noticed Fannar
 12330 | D:11     | Killed Fannar
 12488 | D:11     | You are sucked into a shaft and drop 2 floors!
 12578 | D:11     | Reached skill level 5 in Shields
 12703 | D:11     | Noticed a two-headed ogre
 13041 | D:11     | Killed a two-headed ogre
 13524 | D:11     | Found an iron altar of Okawaru.
 13580 | D:11     | Found a staircase to the Lair.
 13779 | D:11     | Found a staircase to the Orcish Mines.
 14237 | D:12     | HP: 1/91 [orc knight/bolt (24)]
 14252 | D:12     | Reached skill level 10 in Fighting
 15293 | Lair:1   | Entered Level 1 of the Lair of Beasts
 15732 | Lair:1   | Reached XP level 13. HP: 90/97 MP: 0/0
 15732 | Lair:1   | Learned a level 5 spell: Freezing Cloud
 16227 | Lair:1   | HP: 4/97 [cloud of flame (7)]
 16228 | Lair:1   | Engulfed by a cloud of flame

Illustrated notes

Levels and vault maps discovered:
D:1:      dpeg_arrival_fog, layout_loops_corners, minivault_5
D:2:      layout_basic
D:3:      layout_basic, serial_shops, shop
D:4:      layout_basic, grunt_ministairs_12, uniq_ijyb, uniq_sigmund,
          uniq_menkaure
D:5:      layout_loops_ring, minmay_temple_entry_glassed_door,
          gammafunk_ghost_stat_death, minmay_misc_feat_roman
D:6:      layout_loops_ring, grunt_dithmenos_smoke
D:7:      nzn_winding_woodlands_medium [nzn_winding_woodlands_5x5_closed_star,
          nzn_winding_woodlands_5x15_parted,
          nzn_winding_woodlands_5x5_perimeter,
          nzn_winding_woodlands_5x5_default,
          nzn_winding_woodlands_center_garden,
          nzn_winding_woodlands_5x5_open_star,
          nzn_winding_woodlands_5x5_checkerboard,
          nzn_winding_woodlands_5x15_default,
          nzn_winding_woodlands_5x5_default], layout_rooms, roderic_batcave
D:8:      layout_layer_cave, mainiacjoe_overflow_alcove_3, serial_shops,
          nicolae_shop_statue_plus
D:9:      layout_loops_corners, nrook_pool_corridor, uniq_maggie
D:10:     layout_irregular_city, nicolae_custom_books, kennysheep_doodads
D:11:     layout_basic, grunt_lair_entry_orc_guard_hut, orc_0_dummy,
          hellmonk_okawaru_the_only_friend_you_need, uniq_harold, uniq_fannar
D:12:     layout_layer_cave, special_room [special_room_orc]
D:13:     layout_roguey, wad_dig_loot
Temple:   minmay_crystal_spiral_temple
Lair:1:   kb_forest_paths, layout_chaotic_city, patterned_corridor

Skill      XL: |  1  2  3  4  5  6  7  8  9 10 11 12 |
---------------+-------------------------------------+-----
Spellcasting   | 4 5 6 7 8 9 10 | 10.2
Conjurations   | 4 5 6 7 8 9 10 | 10.2
Hexes          | 4 5 6 7 8 9 10 | 10.2
Summonings     | 4 5 6 7 8 9 10 | 10.2
Necromancy     | 4 5 6 7 8 9 10 | 10.2
Translocations | 4 5 6 7 8 9 10 | 10.2
Fire Magic     | 4 5 6 7 8 9 10 | 10.2
Ice Magic      | 4 5 6 7 8 9 10 | 10.2
Air Magic      | 4 5 6 7 8 9 10 | 10.2
Earth Magic    | 4 5 6 7 8 9 10 | 10.2
Alchemy        | 4 5 6 7 8 9 10 | 10.2
Fighting       | 4 7 8 10 | 10.7
Armour         | 3 4 5 6 |  6.9
Invocations    | 3 6 8 |  8.3
Dodging        | 3 5 6 |  6.4
Shields        | 4 5 |  5.2
Stealth        | |  1.5

Action                     |  1- 3 |  4- 6 |  7- 9 | 10-12 | 13-15 || total
---------------------------+-------+-------+-------+-------+-------++-------
  Melee: Dagger            |    13 |     3 |       |     1 |       ||    17
   Cast: Foxfire           |    38 |    44 |    94 |   172 |    10 ||   358
         Scorch            |     7 |     5 |    35 |    68 |     7 ||   122
         Volatile Blastmot |     2 |     9 |    48 |    84 |       ||   143
         Flame Wave        |       |       |    13 |    51 |     2 ||    66
         Fulminant Prism   |       |       |     5 |     7 |     1 ||    13
         Arcjolt           |       |       |       |     3 |       ||     3
         Freezing Cloud    |       |       |       |       |    11 ||    11
 Invoke: Lesser Servant of |       |       |       |    10 |       ||    10
         Major Destruction |       |       |       |     1 |       ||     1
    Use: Scroll            |       |       |       |    13 |       ||    13
         Potion            |       |       |       |     8 |       ||     8
   Stab: Sleeping          |     1 |       |       |       |       ||     1
 Armour: Robe              |     8 |     3 |    11 |       |       ||    22
         Ring mail         |       |       |    42 |   173 |    14 ||   229
  Dodge: Dodged            |    12 |     6 |    31 |    77 |     3 ||   129
  Block: Buckler           |       |       |       |    32 |     2 ||    34
